 Dungeon Crawl Stone Soup version 0.18.1-47-g9310371 (webtiles) character file.

689 Gargoyl the Covered (level 7, 0/55 HPs)
             Began as a Demonspawn Abyssal Knight on June 19, 2016.
             Was a Priest of Lugonu.
             Slain by an iguana (7 damage)
             ... on level 6 of the Dungeon.
             The game lasted 00:10:03 (3977 turns).

Gargoyl the Covered (Demonspawn Abyssal Knight)     Turns: 3977, Time: 00:10:03

Health: 0/55       AC: 15    Str: 14    XL:     7   Next: 36%
Magic:  8/8        EV:  5    Int: 13    God:    Lugonu [***...]
Gold:   138        SH:  0    Dex: 13    Spells: 0 memorised, 6 levels left

rFire  . . .     SeeInvis .     d - -3 hand axe (curse)
rCold  + . .     Gourm    .     b - +0 plate armour
rNeg   . . .     Faith    .     (no shield)
rPois  .         Spirit   .     (no helmet)
rElec  .         Dismiss  .     (no cloak)
rCorr  .         Reflect  .     (no gloves)
SustAt .         Harm     .     (no boots)
MR     .....                    (no amulet)
Stlth  ..........               (no ring)
                                (no ring)

@: very slightly contaminated, not resistant to hostile enchantments, extremely
unstealthy
A: slimy green scales 2, cold resistance 1, freezing cloud immunity
a: Depart the Abyss, Bend Space, Banish, Renounce Religion


You were on level 6 of the Dungeon.
You worshipped Lugonu.
Lugonu was most pleased with you.
You were near starving.

You visited 1 branch of the dungeon, and saw 6 of its levels.
You visited the Abyss 1 time.

You collected 138 gold pieces.

Inventory:

Hand Weapons
 a - a +2 hand axe
 d - a cursed -3 hand axe (weapon)
 t - a +0 flail
Missiles
 v - 3 tomahawks (quivered)
Armour
 b - a +0 plate armour (worn)
Wands
 e - a wand of random effects (0/48)
 u - a wand of lightning (0/15)
Scrolls
 m - a scroll of identify
Potions
 g - 3 potions of curing
Comestibles
 c - 3 bread rations
 i - a beef jerky
 k - a meat ration


   Skills:
 + Level 4.4 Fighting
 + Level 3.2 Axes
 * Level 6.1 Armour
 + Level 1.6 Dodging
 + Level 0.2 Stealth
 + Level 2.6 Invocations
 + Level 0.2 Evocations


You had 6 spell levels left.
You didn't know any spells.

Dungeon Overview and Level Annotations

Branches:
Dungeon (6/15)
 Temple: D:4-7

Altars:
Fedhas
Gozag
Makhleb

Annotations:
D:3 nobody's ghost, amateur KoAM


Innate Abilities, Weirdness & Mutations

You are mostly covered in slimy green scales (AC +3).
Your flesh is cold resistant.
You are immune to freezing clouds.


Message History

The iguana is heavily wounded.
The iguana bites you but does no damage.
Your plate armour prevents you from hitting the iguana.
The iguana is heavily wounded.
The iguana bites you but does no damage.
You hit the iguana but do no damage.
The iguana is heavily wounded.
The iguana bites you.
* * * LOW HITPOINT WARNING * * *
Press: ? - help, Shift-Dir - straight line, f - iguana
Aim: an iguana (heavily wounded, chance to defeat MR: 86%)
You fail to use your ability.
The iguana barely misses you.
Press: ? - help, Shift-Dir - straight line, f/p - iguana
Aim: an iguana (heavily wounded, chance to defeat MR: 86%)
You fail to use your ability.
The iguana bites you but does no damage.
Press: ? - help, Shift-Dir - straight line, f/p - iguana
Aim: an iguana (heavily wounded, chance to defeat MR: 86%)
You fail to use your ability.
The iguana bites you!
You die...

,,,,,,,,,*,*,,,...*#.............
**,****,,*,*,,,,..*#.............
,,,,,**,**,*,,,,..##,,,,,........
,,,,,,*,,,,,,****..#,,,,,,.......
,,,,,,*,,*,,,,,,,..#,,,,,,,......
,,_,,,,,,#########.#,,,,,,,......
,,,,,,*,,#.........##+#***#######
,,,,,,*,,#.######..##.# #......
,,,,,**,**,#....@l..#.# #......
**,****,**,#.######.#.#####......
,,,,,,,,**,#.#...................
,,,*******,#.#.#####..####.......
,,,* *,#.#,* #............. ,,,*
*,#.#,****#..#######'### ,,,*
*,#.#,*,....>.,,,,,#.... ,,,*
*****,#.#,#.#######***,##### ,,,*
*,,,,,..#,,,,,,,* *,*


You could see an iguana.

Vanquished Creatures
  Sigmund (D:5)
  An orc warrior (D:6)
  A sky beast (D:6)
  A centaur (D:6)
  A scorpion (D:4)
  A hound (D:4)
  2 orc wizards
  5 adders
  A white imp (D:5)
  2 oozes
  3 worms
  2 dart slugs (D:2)
  A giant gecko (D:2)
  11 orcs
  3 giant cockroaches
  2 goblins (D:2)
  3 hobgoblins
  10 jackals
  2 kobolds
  A quokka (D:4)
  5 bats
  3 giant newts
  15 rats
77 creatures vanquished.

Notes
Turn   | Place    | Note
--------------------------------------------------------------
     0 | Abyss:1  | Gargoyl the Demonspawn Abyssal Knight began the quest for the Orb.
     0 | Abyss:1  | Reached XP level 1. HP: 18/18 MP: 2/2
   158 | Abyss:1  | Noticed a small abomination
   159 | Abyss:1  | Noticed a large abomination
   162 | D:1      | Escaped the Abyss
   202 | D:1      | Reached skill level 1 in Dodging
   215 | D:1      | Reached * piety under Lugonu
   215 | D:1      | Reached skill level 2 in Armour
   228 | D:1      | Gained mutation: You are partially covered in slimy green scales (AC +2). [demonic ancestry]
   228 | D:1      | Reached XP level 2. HP: 9/24 MP: 3/3
  1155 | D:2      | Gained mutation: Your flesh is cold resistant. [demonic ancestry]
  1155 | D:2      | Reached XP level 3. HP: 25/29 MP: 4/4
  1414 | D:2      | Found a blossoming altar of Fedhas.
  1600 | D:2      | Reached ** piety under Lugonu
  1958 | D:2      | Reached skill level 3 in Armour
  1958 | D:2      | Gained mutation: You are immune to freezing clouds. [demonic ancestry]
  1958 | D:2      | Reached XP level 4. HP: 37/37 MP: 5/5
  2197 | D:3      | Found a burning altar of Makhleb.
  2303 | D:3      | Reached XP level 5. HP: 26/42 MP: 6/6
  2324 | D:3      | Noticed nobody's ghost (amateur KoAM)
  2573 | D:4      | Reached skill level 4 in Armour
  3002 | D:5      | Entered Level 5 of the Dungeon
  3264 | D:5      | Noticed Sigmund
  3271 | D:5      | Killed Sigmund
  3271 | D:5      | Reached skill level 5 in Armour
  3271 | D:5      | Gained mutation: You are mostly covered in slimy green scales (AC +3). [demonic ancestry]
  3271 | D:5      | Reached XP level 6. HP: 48/48 MP: 7/7
  3365 | D:5      | Found an opulent altar of Gozag.
  3459 | D:6      | Noticed an orc warrior
  3462 | D:6      | Killed an orc warrior
  3462 | D:6      | Reached XP level 7. HP: 14/54 MP: 8/8
  3869 | D:6      | Reached *** piety under Lugonu
  3869 | D:6      | Reached skill level 6 in Armour
  3977 | D:6      | Slain by an iguana

Skill      XL: |  1  2  3  4  5  6  7 |
---------------+----------------------+-----
Dodging        | 1 |  1.6
Armour         | 2 3 5 6 |  6.1
Axes           | 2 3 |  3.2
Fighting       | 4 |  4.4
Stealth        | |  0.2
Invocations    | |  2.6
Evocations     | |  0.2

Action                   |  1- 3 |  4- 6 |  7- 9 || total
-------------------------+-------+-------+-------++-------
Melee: Hand axe          |   125 |   280 |    91 ||   496
Throw: Tomahawk          |       |     6 |       ||     6
Invok: Depart the Abyss  |     1 |       |       ||     1
       Bend Space        |       |     1 |       ||     1
Evoke: Wand              |       |     7 |     4 ||    11
  Use: Scroll            |       |    10 |     2 ||    12
       Potion            |       |     7 |     2 ||     9
 Stab: Invisible         |       |       |     2 ||     2
  Eat: Chunk             |     3 |     5 |     2 ||    10
Armor: Ring mail         |    12 |       |       ||    12
       Plate armour      |   106 |   331 |    93 ||   530
Dodge: Dodged            |    32 |    72 |    18 ||   122
